[Event "Early-Titled-Tuesday-Blitz-March-05-2024"]
[Site "Chess.com"]
[Date "2024.03.05"]
[Round "8"]
[White "Casper"]
[Black "Chernov_Alexander_A"]
[Result "1/2-1/2"]
[WhiteElo "2510"]
[BlackElo "2357"]
[TimeControl "180+1"]
[EndTime "9:29:41 PST"]
[Termination "Game drawn by repetition"]

1. e4 d6 2. b3 Nf6 3. Qe2 Nc6 4. Bb2 e5 5. Nf3 Be7 6. Nc3 O-O 7. O-O-O a5 8. d4 exd4 9. Nxd4 Bd7 10. Nd5 Nxd5 11.
exd5 Nxd4 12. Rxd4 Bf6 13. Re4 Bxb2+ 14. Kxb2 Qf6+ 15.
Kb1 a4 16. Qd2 a3 17. Qd4 Qg6 18. g4 f5 19. Re7 Rae8 20. Rxe8 Rxe8 21. Bd3 Qxg4 22. f4 Qf3 23. Rg1 g6 24. Qb4 Qe3 25. Rf1 Qa7 26. h4 Qc5 27. Qxb7 Qc3 28. Kc1 Re3 29. Kd1 Rxd3+ 30. cxd3 Qxd3+ 31. Ke1 Qe3+ 32. Kd1 Qd3+ 33. Ke1 Qe3+ 34. Kd1 Qd3+ 1/2-1/2

[Event "Early-Titled-Tuesday-Blitz-March-05-2024"]
[Site "Chess.com"]
[Date "2024.03.05"]
[Round "8"]
[White "GeorgiosSouleidis"]
[Black "tolimachess"]
[Result "1-0"]
[WhiteElo "2662"]
[BlackElo "2423"]
[TimeControl "180+1"]
[EndTime "9:29:42 PST"]
[Termination "GeorgiosSouleidis won by resignation"]

1. e4 c5 2. Be2 Nc6 3. d3 e6 4. f4 d5 5. Nf3 Nf6 6. e5 Nd7 7. O-O g6 8. c4 Be7 9. Nc3 Nb6 10. a4 a5 11. b3 O-O 12. Nb5 d4 13. Nd2 Nb4 14.
Ne4 Bd7 15. Nbd6 Bc6 16. Bf3 Nc8 17. Nb5 b6 18. Qe2 Rb8 19. Bd2 Rb7 20. Bxb4 cxb4 21. Nf6+ Bxf6 22. Bxc6 Rc7 23. Nxc7 Qxc7 24. Be4 Be7 25.
Qf2 Bc5 26. Rae1 Ne7 27. g4 f6 28. exf6 Rxf6 29. f5 exf5 30. gxf5 g5 31. Qg2 h6 32. h4 Bd6 33. hxg5 hxg5 34. Qxg5+ Kf7 35. Bf3 Bg3 36.
Bh5+ Kf8 37. Qxf6+ 1-0

[Event "Early-Titled-Tuesday-Blitz-March-05-2024"]
[Site "Chess.com"]
[Date "2024.03.05"]
[Round "8"]
[White "Aleksandar-Topalov"]
[Black "ccccvhhhj"]
[Result "1-0"]
[WhiteElo "2358"]
[BlackElo "2467"]
[TimeControl "180+1"]
[EndTime "9:29:42 PST"]
[Termination "Aleksandar-Topalov won on time"]

1. b3 d5 2. Bb2 Nf6 3. Nf3 Bf5 4. g3 Qc8 5. h3 h6 6. Bg2 c6 7. d3 e6 8. Nbd2 Be7 9. e4 dxe4 10. dxe4 Bh7 11.
Qe2 a5 12. a3 Na6 13. O-O O-O 14. Ne5 Nc5 15. f3 Ncd7 16. Nxd7 Nxd7 17. Kh2 e5 18. h4 f6 19. Bh3 Qc7 20. Nc4 Nb6 21. Ne3 Bc5 22.
Rfd1 Bxe3 23. Qxe3 Rfd8 24. a4 Kh8 25. Ba3 Bg8 26.
Bc5 Nd7 27. Be7 Nf8 28. Bxd8 Rxd8 29. Qe2 Be6 30. Rxd8 Qxd8 31. Rd1 Qc8 32. Bxe6 Nxe6 33. Qc4 Nd4 34. Kg2 Kh7 35. c3 Ne6 36. Rd6 Nc7 37. Qf7 b5 38. Rxc6 Qd8 39. Rxc7 Qd2+ 40. Kh3 1-0

[Event "Early-Titled-Tuesday-Blitz-March-05-2024"]
[Site "Chess.com"]
[Date "2024.03.05"]
[Round "8"]
[White "Rodalquilar"]
[Black "Antipov_Mikhail_Al"]
[Result "0-1"]
[WhiteElo "2807"]
[BlackElo "2945"]
[TimeControl "180+1"]
[EndTime "9:29:48 PST"]
[Termination "Antipov_Mikhail_Al won by checkmate"]

1. d4 Nf6 2. Nf3 d5 3. Bf4 Nh5 4. Bc1 e6 5. Ne5 Nd7 6. e4 Nhf6 7.
Nxd7 Bxd7 8. e5 Ne4 9. Nd2 c5 10. Nxe4 dxe4 11. Be3 Qb6 12. Be2 Qxb2 13. O-O cxd4 14.
Bxd4 Qa3 15. Rb1 Bc6 16. Rxb7 Qa5 17. Qb1 Be7 18. Rb8+ Kd7 19. Rxh8 Rxh8 20. Rd1 Kc7 21. Qc1 Rd8 22. c3 Qxa2 23. Kf1 Qa4 24. Qf4 Bb5 25.
Qe3 Qxd1# 0-1

[Event "Early-Titled-Tuesday-Blitz-March-05-2024"]
[Site "Chess.com"]
[Date "2024.03.05"]
[Round "8"]
[White "Road2GM3000"]
[Black "Ducke13"]
[Result "0-1"]
[WhiteElo "2492"]
[BlackElo "2376"]
[TimeControl "180+1"]
[EndTime "9:29:48 PST"]
[Termination "Ducke13 won by resignation"]

1. d4 Nf6 2. c4 g6 3. Nc3 d5 4. Bg5 Ne4 5. Bh4 Nxc3 6. bxc3 c5 7.
e3 Bg7 8. Nf3 O-O 9. cxd5 Qxd5 10. Bxe7 Re8 11. Bxc5 b6 12. Ba3 Nc6 13. Be2 Qa5 14.
Bb2 b5 15. O-O Be6 16. d5 Rad8 17. e4 Bg4 18. Qc2 Bxf3 19. Bxf3 Ne5 20. Be2 Nc4 21. Bxc4 bxc4 22. Rfc1 Rb8 23. a4 Rb3 24. Ra3 Reb8 25. Rxb3 cxb3 26. Qd3 Qxa4 27. Ra1 Qd7 28. f4 Qc7 29. e5 Bh6 30. g3 Bf8 31. d6 Qb6+ 32.
Kf1 a5 33. Ra4 Qc6 34. Qe4 Qb5+ 35. Qc4 Qb7 36. Qe4 Qb5+ 37. Kg2 Rc8 38. Qd4 Qe2+ 39.
Kg1 Qxb2 40. d7 Qc1+ 41. Kg2 Qc2+ 42. Kh3 Rd8 43. e6 Qf5+ 44. Kg2 Qxe6 45. Rxa5 Rxd7 46. Qb4 Bxb4 0-1

[Event "Early-Titled-Tuesday-Blitz-March-05-2024"]
[Site "Chess.com"]
[Date "2024.03.05"]
[Round "8"]
[White "maciek_92"]
[Black "SpeedofLight0"]
[Result "0-1"]
[WhiteElo "2880"]
[BlackElo "3068"]
[TimeControl "180+1"]
[EndTime "9:29:49 PST"]
[Termination "SpeedofLight0 won on time"]

1. c4 e5 2. g3 c6 3. Nf3 e4 4. Nd4 d5 5. cxd5 Qxd5 6. e3 Nf6 7.
Nc3 Qe5 8. d3 Bb4 9. Bd2 O-O 10.
Nxe4 Bxd2+ 11. Nxd2 Re8 12. N2f3 Qe7 13. Bg2 c5 14. Ne2 Nc6 15. O-O Bg4 16. d4 Rad8 17. Qa4 Ne4 18. dxc5 Qf6 19. Ned4 h5 20. Nxc6 bxc6 21. Nd4 Nd2 22. Qxc6 Qe7 23. Rfc1 h4 24.
Qa4 h3 25. Bh1 Qf6 26. c6 Rxd4 27. Qxd4 Nf3+ 28. Kf1 Nxd4 29. exd4 Re2 0-1

[Event "Early-Titled-Tuesday-Blitz-March-05-2024"]
[Site "Chess.com"]
[Date "2024.03.05"]
[Round "8"]
[White "AldokhinIvan"]
[Black "N4700000"]
[Result "1-0"]
[WhiteElo "2658"]
[BlackElo "2497"]
[TimeControl "180+1"]
[EndTime "9:29:49 PST"]
[Termination "AldokhinIvan won by resignation"]

1. e4 c5 2. Nf3 d6 3. d4 cxd4 4. Nxd4 Nf6 5. Nc3 g6 6. Bc4 Bg7 7. Bb3 O-O 8. h3 Nc6 9. Be3 Na5 10. O-O a6 11. f4 Nxb3 12. axb3 b5 13. e5 dxe5 14. fxe5 Nd5 15. Qf3 Bb7 16. Nxd5 Qxd5 17. Qxd5 Bxd5 18. Bf4 f6 19. Rfe1 Rfd8 20. c3 Bb7 21.
Ne6 Rd7 22. Nc5 Rc7 23. exf6 Rxc5 24. fxg7 Re8 25. Re5 Rc6 26. Bh6 Rd6 27. Rf1 1-0

[Event "Early-Titled-Tuesday-Blitz-March-05-2024"]
[Site "Chess.com"]
[Date "2024.03.05"]
[Round "8"]
[White "javierfreilemartin"]
[Black "AA95"]
[Result "0-1"]
[WhiteElo "2267"]
[BlackElo "2485"]
[TimeControl "180+1"]
[EndTime "9:29:49 PST"]
[Termination "AA95 won by resignation"]

1. c4 Nf6 2. Nc3 g6 3. d4 Bg7 4. e4 d6 5. Be2 O-O 6. Nf3 e5 7. O-O Nc6 8. d5 Ne7 9. h3 a5 10. Nh2 Nd7 11. Bd2 Nc5 12. Qc2 f5 13. f3 Rf7 14. b3 f4 15. a3 Bf8 16. b4 Na6 17.
Rab1 axb4 18. axb4 c5 19. dxc6 Nxc6 20. Nb5 Be6 21.
Rfd1 Rc8 22. Be1 Qb6+ 23. Bf2 Qd8 24. Qa4 Ra8 25. Qb3 Naxb4 26. Qc3 Na2 27. Qb2 Nab4 28.
c5 Ra2 29. Qc3 Rxe2 30. cxd6 Rd7 31. Rxb4 Nxb4 32. Qxb4 Rxf2 33. Kxf2 Qb6+ 34. Kf1 Kg7 35. Qb2 Bc4+ 36. Ke1 Qe3+ 0-1

[Event "Early-Titled-Tuesday-Blitz-March-05-2024"]
[Site "Chess.com"]
[Date "2024.03.05"]
[Round "8"]
[White "yonaltimur"]
[Black "Viacheslav92"]
[Result "0-1"]
[WhiteElo "2348"]
[BlackElo "2522"]
[TimeControl "180+1"]
[EndTime "9:29:51 PST"]
[Termination "Viacheslav92 won by resignation"]

1. e4 e5 2. Nf3 Nc6 3. Bb5 a6 4. Ba4 Nf6 5. O-O b5 6. Bb3 Bc5 7. d3 d6 8. c3 Rb8 9. Re1 h6 10.
Nbd2 O-O 11. Nf1 Bb6 12. Ne3 Ne7 13. a4 Ng6 14. a5 Ba7 15. Nd5 Nxd5 16. Bxd5 Qf6 17.
h3 Nf4 18. d4 Re8 19. Bc6 Rf8 20. Bd5 Bd7 21. Bb3 Bc6 22. d5 Bd7 23. Bxf4 Qxf4 24. Qd2 Qf6 25. Qd3 Qf4 26. Kf1 Kh8 27. Bc2 f5 28. b3 fxe4 29. Qxe4 Qxe4 30. Bxe4 Rf4 31. g3 Bxh3+ 32. Kg1 Rf6 33. Rad1 Rbf8 34. Rd3 g5 35. Re2 g4 36. Nh4 Rxf2 37. Rxf2 Rxf2 38. Ng6+ Kg7 39. Nh4 Re2+ 40. Kh1 Rxe4 0-1

[Event "Early-Titled-Tuesday-Blitz-March-05-2024"]
[Site "Chess.com"]
[Date "2024.03.05"]
[Round "8"]
[White "janhelmer03"]
[Black "MikeSailer"]
[Result "1-0"]
[WhiteElo "2390"]
[BlackElo "2183"]
[TimeControl "180+1"]
[EndTime "9:29:51 PST"]
[Termination "janhelmer03 won on time"]

1. Nf3 Nf6 2. c4 e6 3. Nc3 d5 4.
e3 c5 5. cxd5 exd5 6. d4 Nc6 7.
Be2 cxd4 8. Nxd4 Bd6 9. O-O O-O 10. b3 a6 11. Bb2 Re8 12. Nxc6 bxc6 13. Rc1 Bb7 14. Na4 Qe7 15. Bd4 Ne4 16. Bf3 c5 17. Bb2 Qh4 18. g3 Nxg3 19. hxg3 Bxg3 20. fxg3 Qxg3+ 21.
Bg2 d4 22. Rf3 Bxf3 23. Qxf3 Qg5 24. Rxc5 Qg6 25. Bxd4 Qb1+ 26. Kh2 Qxa2 27. Rg5 g6 28. Qf6 1-0

[Event "Early-Titled-Tuesday-Blitz-March-05-2024"]
[Site "Chess.com"]
[Date "2024.03.05"]
[Round "8"]
[White "Evgeny81"]
[Black "lilleper1"]
[Result "0-1"]
[WhiteElo "2783"]
[BlackElo "2928"]
[TimeControl "180+1"]
[EndTime "9:29:53 PST"]
[Termination "lilleper1 won by resignation"]

1. d4 Nf6 2. Nf3 d5 3. Bg5 Ne4 4. Bf4 g6 5. e3 Bg7 6. Nbd2 c5 7. c3 Nxd2 8. Qxd2 Nd7 9. Bb5 O-O 10. O-O Qb6 11.
Ba4 Nf6 12. Be5 Ne4 13. Qe2 Bg4 14. Bxg7 Kxg7 15. Rfd1 Rfd8 16. Rab1 Ng5 17. dxc5 Qf6 18. Qf1 Nxf3+ 19. gxf3 Bxf3 20. Qh3 Bxd1 21. Rxd1 Rac8 22. Bb3 Rxc5 23. Qg3 b5 24. h4 h5 25. Rd4 e5 26.
Rd1 d4 27. cxd4 exd4 28. e4 a5 29. Rd3 Qe5 30. Qf3 Rc7 31. Kg2 Rd6 32. Bd5 Rf6 33. Qh3 Rc2 34. Rf3 d3 35. Rxf6 Qxf6 36. Qe3 Re2 37. Qa7 d2 38. Bb3 Rxe4 0-1

[Event "Early-Titled-Tuesday-Blitz-March-05-2024"]
[Site "Chess.com"]
[Date "2024.03.05"]
[Round "8"]
[White "Actuary44"]
[Black "giomar27"]
[Result "1-0"]
[WhiteElo "2548"]
[BlackElo "2410"]
[TimeControl "180+1"]
[EndTime "9:29:53 PST"]
[Termination "Actuary44 won by resignation"]

1. e4 Nc6 2. d4 e5 3. d5 Nce7 4. f4 Ng6 5. Nf3 exf4 6. c4 Bc5 7. Nc3 d6 8. Qc2 Bg4 9. Bd2 Bxf3 10. gxf3 Qh4+ 11. Kd1 N8e7 12. Qa4+ c6 13. Kc2 O-O 14.
Ne2 f5 15. b4 Bb6 16. c5 Bc7 17. dxc6 bxc6 18. cxd6 Bxd6 19. Rd1 fxe4 20. fxe4 Kh8 21.
Nd4 Be5 22. Nf3 Qf6 23. Bc4 Rac8 24. h4 h5 25. Rhg1 c5 26. Rg5 Ng8 27. Kb1 cxb4 28. Bxg8 Kxg8 29. Qb3+ Rf7 30. Rdg1 Nxh4 31. Nxe5 f3 32.
Nxf7 f2 33. Ne5+ Kh8 34. Rxh5+ Qh6 35. Rxh6+ gxh6 36. Rf1 1-0

[Event "Early-Titled-Tuesday-Blitz-March-05-2024"]
[Site "Chess.com"]
[Date "2024.03.05"]
[Round "8"]
[White "HelvertHernandez"]
[Black "AndresDelgado77"]
[Result "1-0"]
[WhiteElo "2033"]
[BlackElo "2287"]
[TimeControl "180+1"]
[EndTime "9:29:53 PST"]
[Termination "HelvertHernandez won on time"]

1. e4 e6 2. d4 d5 3. exd5 exd5 4.
Nf3 Nc6 5. Bd3 Bg4 6. c3 Bd6 7.
O-O Qd7 8. Re1+ Nge7 9. Nbd2 O-O-O 10. b4 Ng6 11. a4 Rde8 12. a5 Rxe1+ 13. Qxe1 Re8 14.
Qf1 Nce7 15. b5 b6 16. axb6 cxb6 17. c4 Nf4 18. c5 bxc5 19. dxc5 Bxc5 20. Nb3 Nxd3 21.
Qxd3 Bb6 22. Bf4 Ng6 23. Bg3 Kb7 24. Nfd4 h5 25. h4 Rc8 26. Kh2 Be6 27. Na5+ Ka8 28.
Nac6 Qb7 29. Qa3 Ne7 30. Bd6 Nxc6 31. bxc6 Rxc6 32. Nxc6 Qxc6 33. Bg3 d4 34. Qf8+ Qc8 35. Qd6 g6 36. Qxb6 Qb7 37. Qd8+ Bc8 38. Rc1 1-0

[Event "Early-Titled-Tuesday-Blitz-March-05-2024"]
[Site "Chess.com"]
[Date "2024.03.05"]
[Round "8"]
[White "karinachess1"]
[Black "eagleclaw07"]
[Result "1-0"]
[WhiteElo "2598"]
[BlackElo "2817"]
[TimeControl "180+1"]
[EndTime "9:29:54 PST"]
[Termination "karinachess1 won on time"]

1. d4 d5 2. c4 e6 3. Nc3 Nf6 4. cxd5 exd5 5. Bg5 Be7 6. e3 O-O 7. Bd3 Nbd7 8. Nf3 Re8 9. O-O Nf8 10. Qc2 g6 11. a3 Ne6 12. Bh4 Ng7 13. Ne5 Nf5 14. Bg5 c6 15. b4 Nd7 16. Bxe7 Nxe7 17. f4 Nxe5 18. fxe5 Bf5 19. Rad1 Qd7 20. Ne2 a5 21. Ng3 Bxd3 22. Qxd3 axb4 23. axb4 Ra4 24. Rf6 Nc8 25. Rdf1 Re7 26. Qd2 Nb6 27. e4 Nc4 28. Qf2 Rxb4 29. e6 Qd8 30. Rxf7 Re8 31. e7 Rb2 32. exd8=Q 1-0

[Event "Early-Titled-Tuesday-Blitz-March-05-2024"]
[Site "Chess.com"]
[Date "2024.03.05"]
[Round "8"]
[White "elmusmolamas"]
[Black "Hurghada"]
[Result "0-1"]
[WhiteElo "2498"]
[BlackElo "2396"]
[TimeControl "180+1"]
[EndTime "9:29:55 PST"]
[Termination "Hurghada won by checkmate"]

1. e4 e6 2. d4 d5 3. exd5 exd5 4. Nf3 Nc6 5. c4 Nf6 6. Nc3 Bb4 7.
Qb3 O-O 8. Bg5 Re8+ 9. Kd1 Bg4 10. cxd5 Bxc3 11. bxc3 Na5 12. Qb5 b6 13. Bd3 a6 14.
Qb1 Qxd5 15. Bxf6 Bxf3+ 16. Kc1 Bxg2 17. Bxh7+ Kf8 18. Qb4+ c5 19. dxc5 gxf6 20. cxb6+ Kg7 21. Rg1 Rad8 22. Qg4+ Kxh7 23. Qh4+ Kg7 24. Qg4+ Kf8 25. Qxg2 Qd2+ 26. Kb1 Qd3+ 27. Kc1 Qxc3+ 28. Kb1 Qb4+ 29. Kc1 Rc8+ 30. Kd1 Red8+ 31. Ke2 Qd2+ 32. Kf3 Rc3+ 33. Ke4 Qd5+ 34. Kf4 Qe5+ 35. Kg4 Rd4+ 36. f4 Rxf4# 0-1

[Event "Early-Titled-Tuesday-Blitz-March-05-2024"]
[Site "Chess.com"]
[Date "2024.03.05"]
[Round "8"]
[White "profedechess93"]
[Black "KetiTsatsalashvili"]
[Result "1-0"]
[WhiteElo "2637"]
[BlackElo "2488"]
[TimeControl "180+1"]
[EndTime "9:29:56 PST"]
[Termination "profedechess93 won by checkmate"]

1. e4 c5 2. Nf3 d6 3. Bb5+ Bd7 4. Bxd7+ Qxd7 5. O-O Nc6 6. Re1 Nf6 7. c3 e6 8. d4 d5 9. e5 Ne4 10. a3 Be7 11.
Nbd2 Nxd2 12. Bxd2 O-O 13. h4 cxd4 14. cxd4 Rac8 15.
Rc1 a6 16. Rc3 Na7 17. Rd3 Rc4 18. Ng5 h6 19. Nh3 Bxh4 20. Qg4 Qe7 21. Bxh6 f5 22. exf6 Rxf6 23. Qxh4 gxh6 24. Rg3+ Kf8 25. Nf4 Qf7 26. Nh5 Ke7 27. Rg7 Qxg7 28. Nxg7 Kf7 29. Nh5 Rf5 30.
Qg4 Nc6 31. Qg7+ Ke8 32. Rxe6+ Kd8 33. Nf6 Rc1+ 34. Kh2 Nxd4 35. Qd7# 1-0

[Event "Early-Titled-Tuesday-Blitz-March-05-2024"]
[Site "Chess.com"]
[Date "2024.03.05"]
[Round "8"]
[White "balack95"]
[Black "dealshark"]
[Result "0-1"]
[WhiteElo "2452"]
[BlackElo "2355"]
[TimeControl "180+1"]
[EndTime "9:29:57 PST"]
[Termination "dealshark won by checkmate"]

1. d4 Nf6 2. c4 e6 3. Nc3 Bb4 4. f3 c5 5. d5 O-O 6. e4 exd5 7.
cxd5 d6 8. Bc4 Nh5 9. Be3 f5 10.
exf5 Bxf5 11. Kf1 Nd7 12. a3 Bxc3 13. bxc3 Ne5 14. Be2 Ng4 15. Bd2 Qh4 16. Nh3 Ne5 17. Nf2 Bg6 18. Rb1 Bxb1 19. Qxb1 Qe7 20. g3 Nxf3 21.
Bxf3 Rxf3 22. Kg2 Raf8 23. Be1 Qe2 24. Rf1 Qe5 25. Qxb7 Nxg3 26. hxg3 Qxg3+ 27. Kh1 Qh4+ 28. Nh3 Rxf1+ 29. Kg2 Qg4+ 30. Bg3 Qf3+ 31. Kh2 Qe2+ 32. Nf2 R8xf2+ 33. Bxf2 Qxf2+ 34. Kh3 Rh1+ 35. Kg4 h5+ 36. Kg5 Qf6# 0-1

[Event "Early-Titled-Tuesday-Blitz-March-05-2024"]
[Site "Chess.com"]
[Date "2024.03.05"]
[Round "8"]
[White "FredddieCroderg"]
[Black "marik_spb"]
[Result "0-1"]
[WhiteElo "2284"]
[BlackElo "2450"]
[TimeControl "180+1"]
[EndTime "9:29:57 PST"]
[Termination "marik_spb won by resignation"]

1. e4 e6 2. d4 d5 3. exd5 exd5 4.
Bd3 Nf6 5. Nf3 c5 6. c3 Nc6 7.
O-O Be7 8. dxc5 Bxc5 9. Nbd2 O-O 10. Nb3 Be7 11. Nfd4 Bg4 12. Qc2 Bh5 13. Bg5 Bg6 14.
Bxg6 hxg6 15. Rae1 Re8 16. Re3 Ne4 17. Bxe7 Nxe7 18.
Rfe1 Nf6 19. Qe2 Nc6 20. Rxe8+ Qxe8 21. Qxe8+ Rxe8 22. Rxe8+ Nxe8 23. Nc5 Nxd4 24. cxd4 Nd6 25. Kf1 b6 26. Nb3 f6 27. Ke2 Nc4 28. Nd2 Nxb2 29. Nf1 Nc4 30. Kd3 Kf7 31. Ng3 Ke6 32. Ne2 g5 33.
Nc3 a6 34. g4 g6 35. Ne2 Nd6 36. f3 f5 37. h4 gxh4 38. Nf4+ Kf7 39. gxf5 Nxf5 40.
a4 Ne7 41. Ke3 g5 42. Nh3 Kf6 43. Nf2 Nf5+ 44. Kd3 Nh6 45. Nh3 Kf5 46. Ke3 g4 47. fxg4+ Kxg4 48. Nf2+ Kg3 49. Nh1+ Kg2 50. Nf2 h3 51.
Nxh3 Kxh3 52. Kf4 b5 53. axb5 axb5 54. Ke3 Nf5+ 55. Kd3 Kg4 56. Kc3 Kf4 57. Kb4 Ke4 58.
Kxb5 Nxd4+ 59. Kb4 Nf3 60. Kc3 Ke3 61. Kc2 d4 62.
Kd1 d3 63. Kc1 Ke2 64. Kb2 d2 0-1

[Event "Early-Titled-Tuesday-Blitz-March-05-2024"]
[Site "Chess.com"]
[Date "2024.03.05"]
[Round "8"]
[White "Harry_Rakkel"]
[Black "Bilan_Danila"]
[Result "1-0"]
[WhiteElo "2685"]
[BlackElo "2538"]
[TimeControl "180+1"]
[EndTime "9:29:58 PST"]
[Termination "Harry_Rakkel won by resignation"]

1. e4 c6 2. d4 d5 3. exd5 cxd5 4. Bd3 Nc6 5. c3 Qc7 6. Na3 a6 7. Nc2 Nf6 8. Ne2 Bg4 9. f3 Bd7 10. Bf4 e5 11. dxe5 Nxe5 12. Bxe5 Qxe5 13. Qd2 Bc5 14. O-O-O O-O-O 15. Rde1 Bf2 16. Ref1 Bc5 17. Ned4 Rhe8 18. Re1 Qc7 19. Qg5 Bf8 20. Bf5 h6 21. Qg3 Qxg3 22.
hxg3 Bd6 23. g4 Bf4+ 24. Kd1 g6 25. Bxd7+ Kxd7 26. Ne2 Bg5 27. f4 Nxg4 28. fxg5 Nf2+ 29. Kd2 Nxh1 30. Rxh1 hxg5 31. Ne3 Kd6 32. Rh7 Re7 33. Nd4 Rde8 34. Nec2 f5 35. Rh6 Rg8 36. Nxf5+ Ke6 37. Nxe7 Kxe7 38. Rh7+ Kf6 39. Rxb7 Rh8 40. Ne3 Rh2 41.
Nxd5+ Ke5 42. Ne3 1-0

[Event "Early-Titled-Tuesday-Blitz-March-05-2024"]
[Site "Chess.com"]
[Date "2024.03.05"]
[Round "8"]
[White "Gryffindorac8"]
[Black "2KTNGO"]
[Result "0-1"]
[WhiteElo "2384"]
[BlackElo "2515"]
[TimeControl "180+1"]
[EndTime "9:29:58 PST"]
[Termination "2KTNGO won by checkmate"]

1. d4 Nf6 2. c4 Nc6 3. Nf3 e6 4. g3 Bb4+ 5. Bd2 Qe7 6. Nc3 d5 7. Bg2 dxc4 8. O-O O-O 9. Bg5 h6 10. Bxf6 Qxf6 11. Qa4 a6 12. e4 Qe7 13. Rfd1 Rb8 14.
d5 b5 15. Qc2 Nd8 16. Nd4 Bc5 17. a4 e5 18. Nf3 Bd7 19. axb5 axb5 20. Ne2 Nb7 21.
b3 Nd6 22. bxc4 Nxc4 23. Nd2 Bxf2+ 24. Kxf2 Qc5+ 25. Ke1 f5 26. Nxc4 bxc4 27. Rac1 Rb4 28. exf5 Bxf5 29. Be4 Bh3 30. Kd2 Rf2 31. Qc3 Bg4 32.
Re1 Qa5 33. Rc2 Qb6 34. Qxe5 Rb3 35. Qe8+ Rf8 36. Qe5 Qe3+ 37. Kd1 Rb1+ 38. Rc1 Rxc1# 0-1

[Event "Early-Titled-Tuesday-Blitz-March-05-2024"]
[Site "Chess.com"]
[Date "2024.03.05"]
[Round "8"]
[White "Viktor_Poddubnyi"]
[Black "tusplingher"]
[Result "0-1"]
[WhiteElo "2270"]
[BlackElo "2443"]
[TimeControl "180+1"]
[EndTime "9:29:58 PST"]
[Termination "tusplingher won on time"]

1. e4 c5 2. Nf3 d6 3. d4 cxd4 4. Nxd4 Nf6 5. Nc3 a6 6. Bg5 Nbd7 7. Qd2 h6 8. Bh4 e6 9. O-O-O Be7 10. Bd3 O-O 11. g4 Nh7 12. Bg3 e5 13. Nf5 Bg5 14. f4 exf4 15. Bxf4 Bxf4 16. Qxf4 Qg5 17. Qxg5 Nxg5 18.
Nxd6 Ne5 19. Nxc8 Raxc8 20. h3 Rfd8 21. Kb1 Kf8 22. Nd5 b5 23. h4 Ngf3 24. g5 h5 25.
Rdf1 Nd2+ 26. Ka1 Nxf1 27. Rxf1 Ng6 28. Rh1 Rc5 29. Kb1 Rdc8 30. Nb6 R8c7 31. Nd5 Rd7 32. Ne3 Nf4 33. Rd1 g6 34. a3 Rc8 35. Ka2 Rcd8 0-1

[Event "Early-Titled-Tuesday-Blitz-March-05-2024"]
[Site "Chess.com"]
[Date "2024.03.05"]
[Round "8"]
[White "ChessQueen"]
[Black "viniciusrego"]
[Result "1/2-1/2"]
[WhiteElo "2769"]
[BlackElo "2419"]
[TimeControl "180+1"]
[EndTime "9:30:00 PST"]
[Termination "Game drawn by repetition"]

1. e4 d6 2. d4 Nf6 3. Nc3 Nbd7 4. g4 h6 5. Bg2 e5 6. d5 c6 7. Be3 cxd5 8. exd5 Nb6 9. h3 Nc4 10. Bc1 Be7 11.
Qe2 Nb6 12. f4 exf4 13. Bxf4 O-O 14. O-O-O Nfd7 15. Nf3 Re8 16. Rhe1 Nf6 17. Qd3 Nbd7 18. g5 Nc5 19. Qd4 Nh5 20. gxh6 Bf6 21.
Rxe8+ Qxe8 22. Qd2 Nxf4 23. Qxf4 Bxc3 24. bxc3 Qa4 25.
Qxa4 Nxa4 26. Kd2 gxh6 27. Nd4 Bd7 28. Rf1 Rc8 29. Rf3 Nb6 30. Rg3+ Kf8 31. Be4 Nc4+ 32.
Kd3 Ne5+ 33. Kd2 Nc4+ 34. Kd3 Ne5+ 35. Ke2 Rc5 36. Nb3 Rc4 37. Bg2 Ra4 38. Nc1 Bb5+ 39. Ke1 Ra3 40. h4 Ra4 41. Rh3 Rg4 42. Kf2 Bc4 43. Nb3 Rf4+ 44. Ke3 Rg4 45. Kf2 Rf4+ 46. Ke3 Rg4 47. Kf2 1/2-1/2

[Event "Early-Titled-Tuesday-Blitz-March-05-2024"]
[Site "Chess.com"]
[Date "2024.03.05"]
[Round "8"]
[White "whiteglovethief"]
[Black "PavelShkapenko"]
[Result "0-1"]
[WhiteElo "2502"]
[BlackElo "2758"]
[TimeControl "180+1"]
[EndTime "9:30:01 PST"]
[Termination "PavelShkapenko won on time"]

1. d4 Nf6 2. c4 e6 3. Nf3 Bb4+ 4. Nbd2 O-O 5. a3 Be7 6. g3 d6 7. Bg2 Nbd7 8. O-O e5 9. b4 Re8 10. Qc2 Bf8 11. Bb2 e4 12. Ng5 e3 13. fxe3 Rxe3 14. Bd5 Re7 15. Nde4 h6 16. Nxf6+ Nxf6 17. Rxf6 hxg5 18.
Qg6 Be6 19. Rxe6 fxg6 20. Rxe7+ Kh7 21. Rf7 c6 22. Be6 d5 23. Raf1 Be7 24. c5 Kh6 25. e4 g4 26. e5 Bg5 27. Rxb7 a5 28.
Rff7 axb4 29. Rxg7 Be3+ 30. Kg2 bxa3 31. Rh7+ Kg5 32.
Ba1 Rb8 33. Rbf7 Rb1 34. h4+ gxh3+ 35. Kxh3 Rxa1 36. Rh4 Rh1+ 37. Kg2 Rxh4 38. gxh4+ Kh6 0-1

[Event "Early-Titled-Tuesday-Blitz-March-05-2024"]
[Site "Chess.com"]
[Date "2024.03.05"]
[Round "8"]
[White "ElVital"]
[Black "JohnWhite1952"]
[Result "1-0"]
[WhiteElo "2339"]
[BlackElo "2011"]
[TimeControl "180+1"]
[EndTime "9:30:01 PST"]
[Termination "ElVital won on time"]

1. e4 e6 2. Nc3 d5 3. Nf3 dxe4 4.
Nxe4 Nf6 5. Nxf6+ Qxf6 6. d4 Nc6 7. Bg5 Qf5 8. Bd3 Qa5+ 9. Bd2 Qb6 10. O-O Nxd4 11. Nxd4 Qxd4 12. Qh5 Bd7 13. Bc3 Qd6 14. Be5 Qb6 15. a4 Qc5 16. b4 Qxb4 17. Rab1 Qxa4 18. Rxb7 Rc8 19. Ra1 Qc6 20. Raxa7 Bd6 21. Bxg7 Rg8 22. Qxh7 Ke7 23. Qh4+ Ke8 24. Qf6 Bf8 25. Bb5 Qd5 26. Rxc7 Qd1+ 27. Bf1 Rxg7 28. Rxd7 Qxd7 29. Rxd7 Kxd7 30. Bb5+ Kd6 31. Qd4+ Kc7 32. Qa7+ Kd6 33. Qd7+ Ke5 34. Qxc8 Bd6 35. Qc3+ 1-0

[Event "Early-Titled-Tuesday-Blitz-March-05-2024"]
[Site "Chess.com"]
[Date "2024.03.05"]
[Round "8"]
[White "deepfear"]
[Black "Felix-Rose"]
[Result "0-1"]
[WhiteElo "1970"]
[BlackElo "2279"]
[TimeControl "180+1"]
[EndTime "9:30:01 PST"]
[Termination "Felix-Rose won by resignation"]

1. e4 e5 2. Nf3 Nc6 3. d4 exd4 4. Nxd4 Nf6 5. Nxc6 bxc6 6. e5 Qe7 7. Qe2 Nd5 8.
h4 a5 9. Bg5 Qe6 10. c4 Nb6 11. a4 Ba6 12. b3 Bb4+ 13. Bd2 Bxd2+ 14. Nxd2 O-O 15. Rh3 Rae8 16. Re3 Qe7 17. g3 Qb4 18. Bh3 d5 19. exd6 Rxe3 20. fxe3 cxd6 21. Kf1 d5 22. Rc1 dxc4 23. bxc4 Qxa4 24. Kg1 Qa3 25. Re1 Re8 26. e4 Qxg3+ 27. Bg2 Nxc4 28. Nxc4 Bxc4 29. Qe3 Qxh4 30.
e5 Bd5 31. Bxd5 cxd5 32. Rd1 Qg4+ 0-1

[Event "Early-Titled-Tuesday-Blitz-March-05-2024"]
[Site "Chess.com"]
[Date "2024.03.05"]
[Round "8"]
[White "GMKrikor"]
[Black "arenal72"]
[Result "1-0"]
[WhiteElo "2861"]
[BlackElo "2639"]
[TimeControl "180+1"]
[EndTime "9:30:03 PST"]
[Termination "GMKrikor won by resignation"]

1. Nf3 d6 2. d4 Nf6 3. c4 g6 4.
Nc3 Bf5 5. Nh4 Bd7 6. e4 e5 7. Nf3 exd4 8. Nxd4 Bg7 9. Be2 O-O 10. Bg5 h6 11.
Be3 Re8 12. f3 Nc6 13. Nc2 Nh5 14. g4 Nf6 15. Qd2 Kh7 16. O-O-O a6 17. g5 Nh5 18. gxh6 Bf6 19. Nd5 b5 20. Nxf6+ Qxf6 21. c5 Be6 22. cxd6 Red8 23. Bg5 Rxd6 24. Bxf6 Rxd2 25. Kxd2 Nxf6 26.
b3 Kxh6 27. Ke3 Re8 28. h4 Nh5 29. Rc1 f5 30. Rhg1 f4+ 31. Kf2 Ng3 32. Rgd1 Bf5 33. Nd4 Nxd4 34. Rxd4 Re7 35. Rc6 a5 36. Bxb5 Be6 37.
Bc4 Bd7 38. Rf6 Kh5 39. Rxf4 1-0